 Dungeon Crawl Stone Soup version 0.27.0-1-g7a089689b8 (webtiles) character file.

Game seed: 17456100883939074799

632 Hypnoxylon the Magician (level 7, -2/52 HPs)
             Began as a Djinni Venom Mage on Aug 3, 2021.
             Was a Believer of Uskayaw.
             Slain by Pikel (17 damage)
             ... on level 4 of the Dungeon.
             The game lasted 00:14:43 (5303 turns).

Hypnoxylon the Magician (Djinni Venom Mage)         Turns: 5303, Time: 00:14:43

Health: -2/52      AC:  5    Str:  7    XL:     7   Next: 78%
Gold:   124        EV: 12    Int: 18    God:    Uskayaw [**....] SH:  0 Dex: 14

rFire    + + .     SeeInvis .   a - +2 dagger (protect)
rCold    x . .     Faith    .   (no shield)
rNeg     . . .     Spirit   .   j - +2 robe {Will+}
rPois    ∞         Reflect  .   l - +0 helmet
rElec    .         Harm     .   (no cloak)
rCorr    .         Rampage  .   (no gloves)
Will     +....                  (boots unavailable)
Stlth    ++........             (no amulet)
HPRegen  0.17/turn              (no ring)
MPRegen  0.00/turn              (no ring)

@: flying
A: sickness immunity, fire resistance 2, cold vulnerability 1, float, innate
caster, hp casting, extra vitality 1
a: Renounce Religion, Stomp, Line Pass


You were on level 4 of the Dungeon.
You worshipped Uskayaw.
Uskayaw was noncommittal.
You visited 1 branch of the dungeon, and saw 4 of its levels.

You collected 124 gold pieces.


Innate Abilities, Weirdness & Mutations

You are immune to sickness and miasma.
You are immune to poison.
Your flesh is very heat resistant. (rF++)
You are vulnerable to cold. (rC-)
You float through the air rather than walking.
You learn spells naturally, not from books.
Your magical power is your life essence.
You have superior vitality. (+4 HP)


   Skills:
 + Level 4.2 Fighting
 - Level 2.1 Dodging
 - Level 1.5 Stealth
 * Level 5.5 Spellcasting


You had 2 spell levels left.
You knew the following spells:

 Your Spells              Type           Power      Damage    Failure   Level
m - Mephitic Cloud        Conj/Pois/Air  24%        N/A       4%          3
r - Searing Ray           Conj           48%        3d5       1%          2
v - Poisonous Vapours     Pois/Air       48%        N/A       1%          2
z - Sting                 Tmut/Pois      96%        1d7       1%          1
B - Blink                 Tloc           N/A        N/A       1%          2
R - Olgreb's Toxic Radia  Pois           24%        N/A       13%         4
Z - Sandblast             Erth           48%        2d12      1%          1
Your spell library was empty.

Inventory:

Hand Weapons
 a - a +2 dagger of protection (weapon)
 b - a +2 dagger of venom
Missiles
 e - 25 poisoned darts
 f - 166 stones
Armour
 j - a +2 robe of willpower (worn)
 l - a +0 helmet (worn)
Wands
 k - a wand of flame (9)
Scrolls
 i - a scroll of enchant armour {unknown}
 n - a scroll of magic mapping
 r - 3 scrolls of identify
Potions
 c - a potion of lignification {unknown}
 d - a potion of might {unknown}
 g - 3 potions of curing
 h - a potion of attraction
 m - a potion of heal wounds {unknown}


Message History

The searing ray hits the lemure.
You kill the lemure!
That felt strangely unrewarding.
You start resting.
Your magical contamination has completely faded away.
You start resting.
Pikel the Slaver comes into view.
He is wielding a +1 whip of electrocution.
Poisonous vapours surround Pikel!
Pikel is poisoned.
Pikel shouts!
Poisonous vapours surround Pikel!
Pikel looks even sicker.
Poisonous vapours surround Pikel!
Pikel looks as sick as possible!
Casting: Poisonous Vapours (safe; 1% risk of failure)
Confirm with . or Enter, or press ? or * to list all spells.
Aiming: Searing Ray (safe; 1% risk of failure)
Press: ? - help, Shift-Dir - straight line, f/p - Pikel
Aim: Pikel, wielding a +1 whip of electrocution and wearing a +0 robe (lightly wounded, extremely poisoned, 74% to hit)
The searing ray hits Pikel!
Pikel is moderately wounded. (Press . to maintain the ray.)
The searing ray hits Pikel!
Pikel is heavily wounded.
You can now pass through a line of other dancers.
The searing ray hits Pikel.
Pikel is heavily wounded.
The searing ray hits Pikel.
Pikel is severely wounded.
You finish channeling your searing ray.
Pikel hits you with a +1 whip of electrocution!
Casting: Searing Ray (safe; 1% risk of failure)
Confirm with . or Enter, or press ? or * to list all spells.
Aiming: Searing Ray (safe; 1% risk of failure)
Press: ? - help, Shift-Dir - straight line, f/p - Pikel
Aim: Pikel, wielding a +1 whip of electrocution and wearing a +0 robe (almost dead, very poisoned, 74% to hit)
The searing ray hits Pikel.
Pikel is almost dead. (Press . to maintain the ray.) Pikel hits you with a +1 whip of electrocution.
* * * LOW HITPOINT WARNING * * *
You are electrocuted!
You die...

#.........# ### #.#####..## ..##
#.#####..###### ...#
..............# #.$.
......#..<###.# #...
..........###.# #...
#....>........# #...
..........#...################...
#.......#.#.#...@................
#.#####.#.#.#....K..............5
#.#####.#.#.#....................
........#.#.#....................
#.#####.#.#.#....................
..#####.#..................[.....
..........#.#....................
.................................
.................................


You could see Pikel (very poisoned).

Vanquished Creatures
  Sigmund (D:3)
  A sky beast (D:3)
  4 lemures (D:4)
  A scorpion (D:4)
  An orc priest (D:3)
  A bullfrog skeleton (D:3)
  Jessica (D:2)
  An iguana (D:4)
  Terence (D:1)
  A hound skeleton (D:4)
  Robin (D:2)
  A howler monkey skeleton (D:4)
  4 adders
  An ufetubus (D:4)
  2 worms (D:2)
  A dart slug (D:2)
  18 orcs
  6 ball pythons
  5 endoplasms
  A giant cockroach (D:2)
  10 hobgoblins
  2 jackals (D:2)
  2 quokkas
  4 bats
  5 frilled lizards
  12 goblins
  8 kobolds
  7 rats
103 creatures vanquished.

Notes
Turn   | Place    | Note
-------+----------+-------------------------------------------
     0 | D:1      | Hypnoxylon the Djinni Venom Mage began the quest for the
                  | Orb.
     0 | D:1      | Reached XP level 1. HP: 15/15 MP: 0/0
   228 | D:1      | Reached XP level 2. HP: 17/22 MP: 0/0
   689 | D:2      | Noticed Terence
   706 | D:1      | Killed Terence
   707 | D:1      | Reached skill level 1 in Fighting
   707 | D:1      | Reached skill level 3 in Spellcasting
   707 | D:1      | Reached XP level 3. HP: 11/27 MP: 0/0
   707 | D:1      | Learned a level 1 spell: Sandblast
   896 | D:2      | Noticed Jessica
   904 | D:2      | Killed Jessica
   905 | D:2      | Reached XP level 4. HP: 21/33 MP: 0/0
  1243 | D:2      | Found a sacrificial altar of Ru.
  1513 | D:2      | Noticed Robin
  1539 | D:2      | Reached XP level 5. HP: 30/38 MP: 0/0
  1539 | D:2      | Learned a level 2 spell: Blink
  1556 | D:2      | Killed Robin
  1556 | D:2      | HP: 7/38 [goblin[Robin] (5)]
  1557 | D:2      | HP: 3/38 [goblin[Robin] (4)]
  1568 | D:2      | HP: 3/38 [ball python (1)]
  1589 | D:2      | HP: 5/38 [ball python (1)]
  2784 | D:3      | Reached skill level 4 in Spellcasting
  2993 | D:3      | Reached XP level 6. HP: 18/45 MP: 0/0
  3233 | D:3      | Found a stormy altar of Qazlal.
  3287 | D:3      | Noticed Sigmund
  3303 | D:3      | Killed Sigmund
  3304 | D:3      | Reached skill level 3 in Fighting
  3413 | D:3      | Found a faded altar of an unknown god.
  3457 | D:3      | Reached XP level 7. HP: 46/50 MP: 0/0
  3457 | D:3      | Learned a level 2 spell: Searing Ray
  3668 | D:3      | Became a worshipper of Uskayaw the Reveller
  3668 | D:3      | Reached * piety under Uskayaw
  3861 | D:3      | Reached skill level 5 in Spellcasting
  4157 | D:4      | Found a snail-covered altar of Cheibriados.
  4598 | D:4      | Reached ** piety under Uskayaw
  4821 | D:4      | Found a hide-covered altar of Uskayaw.
  4821 | D:4      | Noticed a +0 dagger
  4821 | D:4      | Noticed a +0 falchion
  4822 | D:4      | Noticed a +0 spear
  4822 | D:4      | Noticed a +0 spear
  4823 | D:4      | Noticed a +0 short sword
  4823 | D:4      | Noticed a +0 short sword
  4823 | D:4      | Noticed a +0 dagger
  4824 | D:4      | Noticed a +0 falchion
  5072 | D:4      | Found Zin's Purification Station.
  5295 | D:4      | Noticed Pikel
  5303 | D:4      | Slain by Pikel

Levels and vault maps discovered:
D:1:      dpeg_arrival_rooms_b, layout_rooms
D:2:      layout_basic, basic_altar, uniq_terence, uniq_robin, uniq_jessica
D:3:      layout_basic, nicolae_overflow_crystal_walls, serial_curves,
          eino_curves_04, eino_curves_02,
          hellmonk_ecumenical_altar_leap_of_faith, uniq_sigmund
D:4:      wad_pebble_path, layout_basic, cheibriados_altar_1, zin_purify,
          nicolae_uskayaw_en_pointe, abandoned_shop, uniq_crazy_yiuf_cottage,
          uniq_pikel

Action                   |  1- 3 |  4- 6 |  7- 9 || total
-------------------------+-------+-------+-------++-------
Melee: Dagger            |    43 |    73 |    36 ||   152
 Cast: Sting             |     5 |    42 |     2 ||    49
       Poisonous Vapours |     9 |    37 |    33 ||    79
       Sandblast         |       |    17 |     5 ||    22
       Blink             |       |     4 |       ||     4
       Mephitic Cloud    |       |     2 |       ||     2
       Searing Ray       |       |       |    11 ||    11
  Use: Scroll            |       |     3 |       ||     3
       Potion            |       |     2 |       ||     2
Armor: Robe              |    33 |    32 |    22 ||    87
Dodge: Dodged            |    27 |    68 |    42 ||   137
